AoeStats
← Cavernabrole

Lombardia

509090693Analyzed
2v2 RM · 6d ago on Sep 25, 2026· 12m 59s· 4 players
Game mode
Random Map
Map size
Medium (4 player)
Population
200
Speed
Normal
Resources
Standard
Victory
Conquest
Starting age
Dark Age
Ending age
Imperial Age
RankedLock teamsTeams togetherTeam positionsShared explorationLock speedFull tech treeHidden civsTurbo modeCheats
Victory
Defeat
🇨🇳 Varangians · China
1530
+9
🇫🇷 Danes · France
1268
+19
🇹🇼 Danes · Taiwan
1359
-14
🇬🇷 Persians · Greece
1358
-14
Petard Pete
9:45 Feudal Age
14:38 Castle Age
stevenmin830605
7:01 Loom
10:16 Feudal Age
10:48 Double-Bit Axe
10:45 Horse Collar
13:00 Wheelbarrow
zrl
5:37 Loom
9:09 Feudal Age
9:48 Double-Bit Axe
12:06 Bloodlines
12:31 Bloodlines
Cavernabrole
9:33 Feudal Age
7:52 Loom
9:38 Feudal Age
11:52 Horse Collar
Connection lost

Rejoining the realm…

Still unreachable

The connection could not be restored.

Session expired

The server has moved on; the page needs a fresh start.